 Dungeon Crawl Stone Soup version 0.29-a0-581-ge9a90b782e (webtiles) character file.

Game seed: 10382714736283489077

0 Azuregosa the Conjurer (level 1, 11/11 HPs)
             Began as an Octopode Conjurer on June 14, 2022.
             Quit the game on level 2 of the Dungeon on June 18, 2022.
             The game lasted 00:02:22 (29 turns).

Azuregosa the Conjurer (Octopode Conjurer)            Turns: 29, Time: 00:02:23

Health: 11/11      AC:  1    Str:  6    XL:     1   Next: 10%
Magic:  2/3        EV: 13    Int: 20    God:
Gold:   0          SH:  0    Dex: 10    Spells: 3/4 levels left

rFire   . . .      SeeInvis .   (no weapon)
rCold   . . .      Faith    .   (no shield)
rNeg    . . .      Spirit   .   (helmet restricted)
rPois   .          Reflect  .   (no amulet)
rElec   .          Harm     .   (no ring)
rCorr   .          Rampage  .   (no ring)
Will    .....                   (no ring)
Stlth   +++.......              (no ring)
HPRegen 0.03/turn               (no ring)
MPRegen 0.08/turn               (no ring)
                                (no ring)
                                (no ring)

@: no status effects
A: almost no armour, amphibious, 8 rings, camouflage 1, gelatinous body 1,
(nimble swimmer 1), tentacles
a: no special abilities


You were on level 2 of the Dungeon.
You visited 1 branch of the dungeon, and saw 2 of its levels.

Inventory:

Potions
 a - a potion of magic


   Skills:
 + Level 2.0 Dodging
 + Level 2.6 Stealth
 + Level 2.0 Spellcasting
 + Level 4.0 Conjurations


You had 3 spell levels left.
You knew the following spells:

 Your Spells              Type           Power      Damage    Failure   Level
a - Magic Dart            Conj           72%        1d6       3%          1

Your spell library contained the following spells:

 Spells                   Type           Power      Damage    Failure   Level
 Searing Ray              Conj           36%        2d5       4%          2
 Dazzling Flash           Conj/Hex       20%        N/A       21%         3
 Fulminant Prism          Conj/Hex       5%         3d7       56%         4
 Iskenderun's Mystic Bla  Conj/Tloc      10%        2d4       56%         4


Dungeon Overview and Level Annotations

Branches:
Dungeon (2/15)

Altars:

Shops:
D:2 [


Innate Abilities, Weirdness & Mutations

You cannot wear most types of armour.
You are amphibious.
You can wear up to eight rings at the same time.
Your skin changes colour to match your surroundings (Stealth+).
Your rubbery body absorbs attacks. (AC +1, EV +1)
((You are camouflaged when in or above water. (Stealth+)))
You have tentacles for arms and can constrict up to eight enemies at once.


Message History

Welcome, Azuregosa the Octopode Conjurer.
You feel drawn to the Orb of Zot, downwards into the unfathomable depths...
Press ? for a list of commands and other information.
Found a staircase leading out of the dungeon.
You aren't carrying any scrolls.
Casting: Magic Dart (safe; 3% risk of failure)
Confirm with . or Enter, or press ? or * to list all spells.
Okay, then.
You aren't carrying any scrolls.
Unknown command.
Okay, then.
Found a stone staircase leading down.
There is a stone staircase leading down here.
You climb downwards.
Found a leather armour.
Found Kaiwn's Armour Boutique.
There is a stone staircase leading up here.
Casting: Magic Dart (safe; 3% risk of failure)
Confirm with . or Enter, or press ? or * to list all spells.
Aiming: Magic Dart (safe; 3% risk of failure)
Press: ? - help, Shift-Dir - straight line, f - bat
Aim: a bat (asleep, 100% to hit)
The magic dart hits the bat.
You kill the bat!
Unknown command.
Unknown command.
Found a stone staircase leading down.
There is an entrance to Kaiwn's Armour Boutique here.
Welcome back, Azuregosa the Octopode Conjurer.
Press ? for a list of commands and other information.
Are you sure you want to abandon this character and quit the game? (Confirm with "yes".)

## #.#
########.# .#
#....@..# #.#
#.###..## #..
#>...###.#
#.##..#[# #
#.##.##.#.###...
#..............#
###.####<.......
#. #........ #.
#........


There were no monsters in sight!

Vanquished Creatures
  A bat (D:2)
1 creature vanquished.

Notes
Turn   | Place    | Note
-------+----------+-------------------------------------------
     0 | D:1      | Azuregosa the Octopode Conjurer began the quest for the
                  | Orb.
     0 | D:1      | Reached XP level 1. HP: 11/11 MP: 3/3
    21 | D:2      | Found Kaiwn's Armour Boutique.
    29 | D:2      | Quit the game

Illustrated notes

Levels and vault maps discovered:
D:1:      amcnicky_arrival_single_pillar, layout_basic
D:2:      layout_loops_cross, serial_shops, shop, shop, nicolae_diamond_shop,
          minmay_misc_feat_tiny, uniq_jessica

Action                   || total
-------------------------++-------
 Cast: Magic Dart        ||     1

Table legend: (Time is in decaauts)
 A = Elapsed time spent in this place.
 B = Non-inter-level travel time spent in this place.
 C = Inter-level travel time spent in this place.
 D = Time resting spent in this place.
 E = Time spent auto-exploring this place.
 F = Levels seen in this place.
 G = Mean time per level.
                   A        B        C        D        E       F      G
               +--------+--------+--------+--------+--------+-----+--------+
         Total |     28 |     28 |      0 |      0 |      0 |   2 |   14.0 |
       Dungeon |     28 |     28 |      0 |      0 |      0 |   2 |   14.0 |
               +--------+--------+--------+--------+--------+-----+--------+

Top non-repeatable levels by time:
     D:1: 21 daAuts
     D:2: 7 daAuts
